 Dungeon Crawl Stone Soup version 0.22.0-6-g71bd7aa (webtiles) character file.

68 digijack the Bolt Thrower (level 4, -4/35 HPs)
             Began as a Formicid Hunter on Aug 15, 2018.
             Slain by an orc
             ... wielding a +0 flail
              (9 damage)
             ... on level 3 of the Dungeon.
             The game lasted 00:11:00 (1841 turns).

digijack the Bolt Thrower (Formicid Hunter)         Turns: 1841, Time: 00:11:01

Health: -4/35      AC:  5    Str: 16 (17) XL:     4   Next: 41%
Magic:  4/4        EV: 16    Int: 10      God:
Gold:   102        SH:  0    Dex: 15 (17) Spells: 3/3 levels left

rFire    . . .     SeeInvis +   a - +1 hand crossbow
rCold    . . .     Gourm    .   (no shield)
rNeg     . . .     Faith    .   k - +0 ring mail
rPois    +         Spirit   .   (helmet unavailable)
rElec    .         Reflect  .   (no cloak)
rCorr    .         Harm     .   (no gloves)
MR       .....                  (no boots)
Stlth    ++........             (no amulet)
HPRegen  0.11/turn              j - ring of flight
MPRegen  0.09/turn              n - ring of poison resistance

@: agile
A: permanent stasis, dig shafts and tunnels, four strong arms, antennae 3
a: Dig, Shaft Self, Evoke Flight


You were on level 3 of the Dungeon.
You were hungry.

You visited 1 branch of the dungeon, and saw 3 of its levels.

You collected 102 gold pieces.

Inventory:

Hand Weapons
 a - a +1 hand crossbow (weapon)
 b - a +0 short sword
 g - a +1 vampiric dagger
Missiles
 d - 50 bolts (quivered)
 e - 135 stones
 i - 19 arrows
Armour
 c - a +0 leather armour
 k - a +0 ring mail (worn)
Jewellery
 j - a ring of flight (left hand)
 n - a ring of poison resistance (right hand)
Scrolls
 f - a scroll of identify
Comestibles
 m - 3 rations


   Skills:
 + Level 3.0 Fighting
 + Level 1.4 Short Blades
 + Level 4.4 Crossbows
 + Level 1.4 Armour
 - Level 1.9 Dodging
 - Level 1.6 Stealth


You had 3 spell levels left.
You didn't know any spells.
Your spell library was empty.

Dungeon Overview and Level Annotations

Branches:
Dungeon (3/15)

Altars:
Hepliaklqana


Innate Abilities, Weirdness & Mutations

You cannot be hasted, slowed, berserked, paralysed or teleported.
You can dig through walls and to a lower floor.
Your four strong arms can wield two-handed weapons with a shield.
You have a pair of large antennae on your head. (SInv)


Message History

The orc hits you with a hand axe.
The orc priest mumbles some strange prayers to Beogh against you.
Pain shoots through your body!
* * * LOW HITPOINT WARNING * * *
The orc completely misses you.
Unknown command.
As you read the scroll labeled ESA VEIGUS, it crumbles to dust.
You feel blessed for a moment.
It was a scroll of remove curse.
The orc hits you with a hand axe.
* * * LOW HITPOINT WARNING * * *
The orc closely misses you.
Firing (i - inventory. (/) - cycle)
d - 51 bolts (quivered)
Press: ? - help, Shift-Dir - straight line, f/p - orc priest
Aim: an orc priest (lightly wounded)
You shoot a bolt. The bolt closely misses the orc priest.
The orc priest begins to cast a cantrip, but forgets the words!
The orc hits you with a hand axe.
* * * LOW HITPOINT WARNING * * *
The orc hits you with a flail!
You die...

...)#.# #.## ## ......#
#... . ...... ...#.#
###..#.## ##..#.#
....#.. ..... #..#.#
#..# ...##.o#.#####..# #
(....(o@.)......####....
...##..#o...............
#..#.######.####.#.#
#..#.# #)..<....# #..#.#
#.####.#.# #..... ...# #
#..... ##### ......


You could see an orc priest and 2 orcs.

Vanquished Creatures
  2 adders (D:2)
  2 dart slugs
  An orc (D:3)
  2 bats (D:1)
  4 giant cockroaches
  10 goblins
  2 hobgoblins (D:1)
  4 jackals (D:2)
  2 quokkas (D:2)
  2 frilled lizards (D:1)
  5 kobolds
  6 rats
42 creatures vanquished.

Notes
Turn   | Place    | Note
-------+----------+-------------------------------------------
     0 | D:1      | digijack the Formicid Hunter began the quest for the Orb.
     0 | D:1      | Reached XP level 1. HP: 16/16 MP: 1/1
    79 | D:1      | Reached XP level 2. HP: 23/23 MP: 2/2
   540 | D:1      | Reached XP level 3. HP: 25/28 MP: 3/3
   620 | D:1      | Reached skill level 1 in Short Blades
  1097 | D:2      | Reached skill level 1 in Armour
  1195 | D:2      | Reached XP level 4. HP: 26/34 MP: 4/4
  1413 | D:2      | Found a hazy altar of Hepliaklqana.
  1841 | D:3      | Slain by an orc

Skill      XL: |  1  2  3  4 |
---------------+-------------+-----
Short Blades   | 1 |  1.4
Armour         | 1 |  1.4
Fighting       | 3 |  3.0
Crossbows      | |  4.4
Dodging        | |  1.9
Stealth        | |  1.6

Action                   |  1- 3 |  4- 6 || total
-------------------------+-------+-------++-------
Melee: Short sword       |    94 |       ||    94
       Dagger            |    99 |    38 ||   137
 Fire: Hand crossbow     |       |     2 ||     2
 Abil: Dig               |     3 |     1 ||     4
  Use: Potion            |     4 |     2 ||     6
       Scroll            |     1 |     4 ||     5
 Stab: Sleeping          |     1 |       ||     1
  Eat: Chunk             |     2 |     2 ||     4
       Ration            |     1 |       ||     1
Armor: Leather armour    |    29 |       ||    29
       Ring mail         |    31 |     9 ||    40
Dodge: Dodged            |   145 |    22 ||   167
